[Event "ICCopen2017"]
[Site "Internet Chess Club"]
[Date "2017.03.25"]
[Round "8"]
[White "BronStorm"]
[Black "LeonieHelm"]
[Result "1-0"]
[ICCResult "Black resigns"]
[WhiteElo "1864"]
[BlackElo "1634"]
[Opening "Scotch: Schmidt variation"]
[ECO "C45"]
[NIC "SO.04"]
[Time "15:29:57"]
[TimeControl "180+0"]

1. e4 e5 2. Nf3 Nc6 3. d4 exd4 4. Nxd4 Nf6 5. Nc3 Bc5 6. Be3 Bb6 7. Qd2 O-O
8. O-O-O a5 9. f3 d6 10. a3 Nxd4 11. Bxd4 Be6 12. Bxb6 cxb6 13. Qxd6 Qxd6
14. Rxd6 Nd7 15. Bb5 Rfd8 16. Rhd1 {Black resigns} 1-0

[Event "ICCopen2017"]
[Site "Internet Chess Club"]
[Date "2017.03.25"]
[Round "8"]
[White "arshavin2015"]
[Black "PeterOsgood"]
[Result "1-0"]
[ICCResult "Black resigns"]
[WhiteElo "2005"]
[BlackElo "1791"]
[Opening "Benko's opening"]
[ECO "A00"]
[NIC "VO.09"]
[Time "15:30:25"]
[TimeControl "180+0"]

1. g3 d5 2. Bg2 c6 3. d3 e5 4. Nf3 Bd6 5. O-O Nf6 6. c4 O-O 7. Bg5 Nbd7 8.
Nc3 d4 9. Ne4 Be7 10. Nxf6+ Bxf6 11. Bd2 g6 12. b4 a5 13. a3 axb4 14. axb4
Ra7 15. Rxa7 {Black resigns} 1-0

[Event "ICCopen2017"]
[Site "Internet Chess Club"]
[Date "2017.03.25"]
[Round "8"]
[White "nadalthegreat"]
[Black "ehkopean"]
[Result "1-0"]
[ICCResult "Black resigns"]
[WhiteElo "2014"]
[BlackElo "1764"]
[Opening "Benkö gambit"]
[ECO "A57"]
[NIC "BI.46"]
[Time "15:30:13"]
[TimeControl "180+0"]

1. d4 Nf6 2. c4 c5 3. d5 b5 4. b3 bxc4 5. bxc4 g6 6. Bb2 Bg7 7. Nf3 O-O 8.
e3 d6 9. Be2 Ba6 10. O-O Nbd7 11. Nbd2 Nb6 12. Rc1 Rb8 13. Bc3 Na4 14. Qxa4
Nxd5 15. Bxg7 {Black resigns} 1-0

[Event "ICCopen2017"]
[Site "Internet Chess Club"]
[Date "2017.03.25"]
[Round "8"]
[White "Kolossi"]
[Black "Bengochess"]
[Result "0-1"]
[ICCResult "White resigns"]
[WhiteElo "1574"]
[BlackElo "1519"]
[Opening "King's Indian: Sämisch, 5...O-O"]
[ECO "E81"]
[NIC "KI.54"]
[Time "15:30:23"]
[TimeControl "180+0"]

1. d4 Nf6 2. c4 g6 3. Nc3 Bg7 4. e4 d6 5. f3 O-O 6. Be3 c5 7. d5 Nbd7 8. Qd2
Ne5 9. O-O-O a6 10. Be2 b5 11. cxb5 axb5 12. Bxb5 Ba6 13. Bxa6 Rxa6 14. Kb1
Qb6 15. Qc2 Nc4 16. Bg5 Na3+ {White resigns} 0-1

[Event "ICCopen2017"]
[Site "Internet Chess Club"]
[Date "2017.03.25"]
[Round "8"]
[White "fisherino"]
[Black "FytinFrank"]
[Result "0-1"]
[ICCResult "White resigns"]
[WhiteElo "1633"]
[BlackElo "1833"]
[Opening "QP counter-gambit (elephant gambit)"]
[ECO "C40"]
[NIC "KP.10"]
[Time "15:30:24"]
[TimeControl "180+0"]

1. e4 e5 2. Nf3 d5 3. exd5 e4 4. Qe2 Qe7 5. d3 exf3 6. Qxe7+ Nxe7 7. gxf3
Nxd5 8. Nd2 Nc6 9. b3 Bb4 10. Bb2 Nc3 11. Rg1 O-O 12. Bxc3 Bxc3 13. Rd1 Nd4
14. Rc1 Bxd2+ 15. Kxd2 Nxf3+ {White resigns} 0-1

[Event "ICCopen2017"]
[Site "Internet Chess Club"]
[Date "2017.03.25"]
[Round "8"]
[White "knightspirit"]
[Black "marjose"]
[Result "0-1"]
[ICCResult "White resigns"]
[WhiteElo "1235"]
[BlackElo "1766"]
[Opening "Giuoco Piano"]
[ECO "C50"]
[NIC "IG.02"]
[Time "15:29:43"]
[TimeControl "180+0"]

1. e4 e5 2. Nf3 Nc6 3. Bc4 Bc5 4. Nc3 d6 5. d3 a5 6. O-O Bg4 7. Be3 Nge7 8.
h3 Bh5 9. Bxc5 dxc5 10. Qd2 Bxf3 11. gxf3 Nd4 12. Kg2 Ng6 13. Bb5+ c6
{White resigns}
0-1

[Event "ICCopen2017"]
[Site "Internet Chess Club"]
[Date "2017.03.25"]
[Round "8"]
[White "UnderArmour"]
[Black "CIROVICZCHESS"]
[Result "1-0"]
[ICCResult "Black checkmated"]
[WhiteElo "1956"]
[BlackElo "1587"]
[Opening "Giuoco Piano"]
[ECO "C53"]
[NIC "IG.02"]
[Time "15:30:29"]
[TimeControl "180+0"]

1. e4 e5 2. Nf3 Nc6 3. Bc4 Bc5 4. c3 d6 5. d4 exd4 6. cxd4 Bb4+ 7. Nc3 Bxc3+
8. bxc3 Bg4 9. O-O Nf6 10. Bg5 Qd7 11. Bxf6 gxf6 12. Qd3 Rg8 13. Kh1 O-O-O
14. Rab1 f5 15. Ba6 fxe4 16. Bxb7+ Kb8 17. Bxc6+ Kc8 18. Qa6# {Black
checkmated} 1-0

[Event "ICCopen2017"]
[Site "Internet Chess Club"]
[Date "2017.03.25"]
[Round "8"]
[White "uggi"]
[Black "Mephisto521"]
[Result "1-0"]
[ICCResult "Black resigns"]
[WhiteElo "1910"]
[BlackElo "1607"]
[Opening "QGD: exchange, positional line"]
[ECO "D35"]
[NIC "QO.16"]
[Time "15:30:31"]
[TimeControl "180+0"]

1. d4 e6 2. c4 d5 3. Nc3 Nf6 4. cxd5 exd5 5. Bg5 c5 6. e3 c4 7. Nge2 Be7 8.
Nf4 O-O 9. Bxf6 Bxf6 10. Nfxd5 Be6 11. Bxc4 Nc6 12. Nxf6+ Qxf6 13. Bxe6 fxe6
14. O-O Rad8 15. Qe2 e5 16. dxe5 Nxe5 17. e4 Qg6 18. f4 Nd3 19. f5 Qg5 20.
Nd5 Rfe8 21. Qxd3 {Black resigns} 1-0

[Event "ICCopen2017"]
[Site "Internet Chess Club"]
[Date "2017.03.25"]
[Round "8"]
[White "Ticktockman"]
[Black "JESSEJOSE"]
[Result "0-1"]
[ICCResult "White resigns"]
[WhiteElo "1108"]
[BlackElo "1575"]
[Opening "Queen's pawn game"]
[ECO "D04"]
[NIC "QP.09"]
[Time "15:31:17"]
[TimeControl "180+0"]

1. Nf3 d5 2. d4 Nf6 3. e3 Ne4 4. g3 Bg4 5. Bg2 e6 6. Nbd2 Nxd2 7. Bxd2 Nd7
8. O-O Nf6 9. Qc1 Bd6 10. a3 c6 11. b4 O-O 12. c4 Bxf3 13. Bxf3 Rc8 14. c5
Bb8 15. Bg2 e5 16. Bc3 exd4 17. Bxd4 Re8 18. Re1 Be5 19. Bh3 Ra8 20. Bg2
Bxd4 21. exd4 Qd7 22. Rxe8+ Rxe8 23. Qf1 Qe6 24. Re1 Qxe1 {White resigns}
0-1

[Event "ICCopen2017"]
[Site "Internet Chess Club"]
[Date "2017.03.25"]
[Round "8"]
[White "Hacker21"]
[Black "Montserrat"]
[Result "1-0"]
[ICCResult "Black checkmated"]
[WhiteElo "1846"]
[BlackElo "1875"]
[Opening "Réti: King's Indian attack (Barcza system)"]
[ECO "A07"]
[NIC "QP.09"]
[Time "15:29:56"]
[TimeControl "180+0"]

1. Nf3 d5 2. g3 Nf6 3. Bg2 e6 4. O-O Be7 5. d3 O-O 6. Nbd2 c6 7. e4 Nbd7 8.
e5 Ne8 9. Re1 b6 10. Nf1 c5 11. h4 Bb7 12. N1h2 d4 13. h5 h6 14. Ng4 Qc7 15.
Bxh6 gxh6 16. Qd2 Bxf3 17. Bxf3 Bg5 18. Nxh6+ Bxh6 19. Qxh6 Rc8 20. Be4 f5
21. Qxe6+ Kh8 22. Qh6+ Kg8 23. Bd5+ Rf7 24. Qg6+ Ng7 25. h6 Nxe5 26. Qxg7#
{Black checkmated}
1-0

[Event "ICCopen2017"]
[Site "Internet Chess Club"]
[Date "2017.03.25"]
[Round "8"]
[White "blackjack721"]
[Black "pehuensur"]
[Result "0-1"]
[ICCResult "White checkmated"]
[WhiteElo "1308"]
[BlackElo "1461"]
[Opening "Hungarian defense"]
[ECO "C50"]
[NIC "IG.03"]
[Time "15:29:59"]
[TimeControl "180+0"]

1. e4 e5 2. Nf3 Nc6 3. Bc4 Be7 4. c3 d6 5. a3 Nf6 6. h3 O-O 7. d3 a6 8. Be3
Re8 9. Qd2 Na5 10. Ba2 c5 11. Ng5 Nc6 12. Bxf7+ Kh8 13. Bxe8 Qxe8 14. f4 Qg6
15. c4 b5 16. Nc3 Nd4 17. Nd5 Nxd5 18. cxd5 Nb3 19. Qd1 Nxa1 20. Qxa1 h6 21.
Ne6 Bxe6 22. dxe6 Qxe6 23. f5 Qb3 24. Qc1 Qxd3 25. Bxh6 Bh4+ 26. g3 Bxg3#
{White checkmated}
0-1

[Event "ICCopen2017"]
[Site "Internet Chess Club"]
[Date "2017.03.25"]
[Round "8"]
[White "mongmong"]
[Black "Teoretik"]
[Result "0-1"]
[ICCResult "White checkmated"]
[WhiteElo "1394"]
[BlackElo "1688"]
[Opening "Queen's pawn game"]
[ECO "D05"]
[NIC "QP.06"]
[Time "15:30:59"]
[TimeControl "180+0"]

1. d4 Nf6 2. Nf3 d5 3. e3 e6 4. Bd3 Bd6 5. Nbd2 b6 6. O-O Bb7 7. Qe2 O-O 8.
c3 Ne4 9. Re1 Nd7 10. Nf1 c5 11. N3d2 f5 12. f3 Nef6 13. e4 fxe4 14. fxe4
dxe4 15. Nxe4 Bxe4 16. Bxe4 Nxe4 17. Qxe4 Qf6 18. Be3 Rae8 19. Qc2 e5 20.
dxe5 Nxe5 21. Bf2 Ng4 22. Bg3 Bxg3 23. Nxg3 Qh4 24. Rxe8 Qxh2#
{White checkmated}
0-1

[Event "ICCopen2017"]
[Site "Internet Chess Club"]
[Date "2017.03.25"]
[Round "8"]
[White "StevieMcStiefel"]
[Black "livis"]
[Result "0-1"]
[ICCResult "White resigns"]
[WhiteElo "1644"]
[BlackElo "1886"]
[Opening "French: advance, Paulsen attack"]
[ECO "C02"]
[NIC "FR.03"]
[Time "15:30:43"]
[TimeControl "180+0"]

1. e4 e6 2. d4 d5 3. e5 c5 4. c3 Nc6 5. Nf3 Nge7 6. a3 Ng6 7. b4 c4 8. Nbd2
Be7 9. g3 Bd7 10. h4 h5 11. Be2 Qc7 12. Ng5 Bxg5 13. hxg5 h4 14. gxh4 Rxh4
15. Rxh4 Nxh4 16. Bf1 O-O-O 17. Bxc4 dxc4 18. Nxc4 Nxe5 19. Nxe5 Bb5 20. Qh5
Ng2+ 21. Kd1 Qxe5 22. Kc2 Qe2+ 23. Kb3 Qxh5 {White resigns} 0-1

[Event "ICCopen2017"]
[Site "Internet Chess Club"]
[Date "2017.03.25"]
[Round "8"]
[White "weakfish"]
[Black "Ososul"]
[Result "0-1"]
[ICCResult "White resigns"]
[WhiteElo "1290"]
[BlackElo "1544"]
[Opening "Sicilian: Anderssen variation"]
[ECO "B41"]
[NIC "SI.41"]
[Time "15:29:27"]
[TimeControl "180+0"]

1. e4 c5 2. Nf3 e6 3. d4 cxd4 4. Nxd4 Nf6 5. Bd3 Nc6 6. Nxc6 bxc6 7. a3 d5
8. exd5 cxd5 9. Bg5 Be7 10. Nc3 O-O 11. O-O h6 12. Be3 d4 13. Bxd4 Bb7 14.
Bxf6 Bxf6 15. Ne4 Be7 16. Re1 Qd5 17. f3 Rac8 18. Nc3 Bc5+ 19. Kh1 Qh5 20.
Ne4 Bxe4 21. Bxe4 Bf2 22. Re2 Bg3 23. h3 Rfd8 24. Qf1 Qh4 25. Rd1 Be5 26. c3
Qg3 27. Qg1 Rxd1 {White resigns} 0-1

[Event "ICCopen2017"]
[Site "Internet Chess Club"]
[Date "2017.03.25"]
[Round "8"]
[White "DEHO"]
[Black "Zelos"]
[Result "1-0"]
[ICCResult "Black resigns"]
[WhiteElo "2064"]
[BlackElo "2382"]
[Opening "QGD semi-Slav: Meran variation"]
[ECO "D47"]
[NIC "SL.09"]
[Time "15:29:31"]
[TimeControl "180+0"]

1. d4 d5 2. c4 e6 3. Nc3 c6 4. e3 Nf6 5. Nf3 Nbd7 6. Bd3 dxc4 7. Bxc4 b5 8.
Bd3 Bd6 9. O-O O-O 10. Bd2 Bb7 11. Rc1 Qe7 12. a3 a5 13. Qe2 e5 14. dxe5
Nxe5 15. Nxe5 Qxe5 16. f4 Qe7 17. e4 b4 18. Na4 Bb8 19. e5 Ba7+ 20. Kh1 Nd5
21. Qe4 g6 22. f5 Rae8 23. Bh6 Qxe5 24. Qxe5 Rxe5 25. Bxf8 Kxf8 26. fxg6
hxg6 27. Bxg6 f6 28. Nc5 Bc8 29. Nd3 Rg5 30. Be4 Ne3 31. Rxf6+ Kg7 32. Rfxc6
Bf5 33. Bxf5 Rxf5 34. Rc7+ Kg6 35. Rxa7 Rd5 36. Nf4+ Kf5 37. Nxd5
{Black resigns}
1-0

[Event "ICCopen2017"]
[Site "Internet Chess Club"]
[Date "2017.03.25"]
[Round "8"]
[White "flashlight"]
[Black "bss2005"]
[Result "1-0"]
[ICCResult "Black checkmated"]
[WhiteElo "2037"]
[BlackElo "1782"]
[Opening "Levitsky attack (Queen's bishop attack)"]
[ECO "D00"]
[NIC "QP.08"]
[Time "15:29:43"]
[TimeControl "180+0"]

1. d4 d5 2. Bg5 c6 3. Nf3 Qb6 4. Nbd2 e6 5. e3 Be7 6. Rb1 Nf6 7. Bd3 Nbd7 8.
O-O h6 9. Bh4 O-O 10. Ne5 c5 11. c3 Qc7 12. f4 c4 13. Bc2 Nb6 14. Bxf6 Bxf6
15. Qf3 Nd7 16. Qh3 Nxe5 17. fxe5 Bg5 18. Rbe1 Qe7 19. Nf3 Bd7 20. Qg3 Qd8
21. h4 Be7 22. Qg4 Qe8 23. e4 dxe4 24. Qxe4 g5 25. Qh7# {Black checkmated}
1-0

[Event "ICCopen2017"]
[Site "Internet Chess Club"]
[Date "2017.03.25"]
[Round "8"]
[White "M-Ezat"]
[Black "arnav311004"]
[Result "1-0"]
[ICCResult "Black checkmated"]
[WhiteElo "2219"]
[BlackElo "1741"]
[Opening "King's Indian: Averbakh system"]
[ECO "E73"]
[NIC "KI.26"]
[Time "15:30:17"]
[TimeControl "180+0"]

1. d4 Nf6 2. c4 g6 3. Nc3 Bg7 4. e4 d6 5. Be2 O-O 6. Bg5 h6 7. Be3 e5 8. d5
c6 9. Qd2 a6 10. Bxh6 b5 11. Bxg7 Kxg7 12. dxc6 bxc4 13. h4 Nxc6 14. h5 gxh5
15. Qg5+ Kh8 16. Qh6+ Kg8 17. Bxh5 Re8 18. Bg4 Nh7 19. Qxh7+ Kf8 20. Qh8+
Ke7 21. Nd5# {Black checkmated} 1-0

[Event "ICCopen2017"]
[Site "Internet Chess Club"]
[Date "2017.03.25"]
[Round "8"]
[White "sanka"]
[Black "sonofmarabu"]
[Result "0-1"]
[ICCResult "White checkmated"]
[WhiteElo "1319"]
[BlackElo "1630"]
[Opening "QGD: 3...Nf6"]
[ECO "D35"]
[NIC "QO.16"]
[Time "15:29:56"]
[TimeControl "180+0"]

1. d4 d5 2. c4 e6 3. Nc3 Nf6 4. e3 c6 5. Bd2 Nbd7 6. Bd3 Be7 7. Nf3 O-O 8.
O-O b6 9. h3 Bb7 10. cxd5 cxd5 11. e4 dxe4 12. Bc2 exf3 13. Re1 fxg2 14. Ne4
Nxe4 15. Bxe4 Bxe4 16. Rxe4 Nf6 17. Re1 Qxd4 18. Qf3 Qxd2 19. Rad1 Qxb2 20.
Qg3 Bc5 21. Qxg2 Rad8 22. Rb1 Qd4 23. Rbd1 Qxd1 24. Rxd1 Rxd1+ 25. Kh2 Rfd8
26. h4 Bxf2 27. Kh3 R1d3+ 28. Kh2 Bxh4 29. Qb7 h5 30. a4 Ng4+ 31. Kg2 Rg3+
32. Kf1 Re3 33. a5 Rd2 34. axb6 Re1# {White checkmated} 0-1

[Event "ICCopen2017"]
[Site "Internet Chess Club"]
[Date "2017.03.25"]
[Round "8"]
[White "TricksOnly"]
[Black "Baltimora"]
[Result "1-0"]
[ICCResult "Black resigns"]
[WhiteElo "2046"]
[BlackElo "2216"]
[Opening "French: Winawer, Alekhine gambit, Kan variation"]
[ECO "C15"]
[NIC "FR.08"]
[Time "15:30:09"]
[TimeControl "180+0"]

1. e4 e6 2. d4 d5 3. Nc3 Bb4 4. Ne2 dxe4 5. a3 Bxc3+ 6. Nxc3 Nc6 7. Bb5 Ne7
8. Bg5 f6 9. Be3 O-O 10. Qd2 e5 11. dxe5 Qxd2+ 12. Bxd2 Nxe5 13. Nxe4 Bf5
14. f3 Bxe4 15. fxe4 a6 16. Ba4 c5 17. c3 Nd3+ 18. Ke2 Nxb2 19. Bb3+ c4 20.
Rab1 cxb3 21. Rxb2 b5 22. Rxb3 Rfd8 23. a4 bxa4 24. Rb4 Nc6 25. Rxa4 a5 26.
Be3 Rab8 27. Ra2 Rb3 28. Rc1 Rdb8 29. Bd4 Kf7 30. Kd2 Ke6 31. Kc2 R3b7 32.
Rf1 Rd7 33. Be3 Rbd8 34. Ra4 Kf7 35. Rc4 Ne5 36. Rc5 a4 37. Rxe5 a3 38. Ra5
{Black resigns}
1-0

[Event "ICCopen2017"]
[Site "Internet Chess Club"]
[Date "2017.03.25"]
[Round "8"]
[White "schastlivchik"]
[Black "Tasmaniandevil"]
[Result "0-1"]
[ICCResult "White resigns"]
[WhiteElo "1799"]
[BlackElo "2026"]
[Opening "English: Bremen, Smyslov system"]
[ECO "A21"]
[NIC "EO.11"]
[Time "15:29:57"]
[TimeControl "180+0"]

1. c4 e5 2. Nc3 Bb4 3. g3 Nf6 4. Bg2 O-O 5. Nf3 Re8 6. Qb3 Nc6 7. O-O Bf8 8.
d3 d6 9. Qc2 h6 10. b4 Bf5 11. b5 Ne7 12. Nd2 c6 13. bxc6 bxc6 14. Nde4 Nxe4
15. Nxe4 d5 16. cxd5 cxd5 17. Nc3 Rc8 18. Qb3 Be6 19. Qb2 Nc6 20. Bd2 Nd4
21. Rfe1 Bc5 22. Na4 Bd6 23. Rac1 Rb8 24. Qa1 Qf6 25. Be3 Nf5 26. Bd2 Qg6
27. Nc5 Bc8 28. Bxd5 Rb5 29. Be3 Nxe3 30. fxe3 Bxc5 {White resigns} 0-1

[Event "ICCopen2017"]
[Site "Internet Chess Club"]
[Date "2017.03.25"]
[Round "8"]
[White "BryanL"]
[Black "minke"]
[Result "1-0"]
[ICCResult "Black resigns"]
[WhiteElo "1944"]
[BlackElo "1723"]
[Opening "Pirc: Austrian attack, dragon formation"]
[ECO "B09"]
[NIC "PU.05"]
[Time "15:30:35"]
[TimeControl "180+0"]

1. e4 d6 2. d4 Nf6 3. Nc3 g6 4. f4 Bg7 5. Nf3 c5 6. Bb5+ Bd7 7. Bxd7+ Nfxd7
8. O-O cxd4 9. Nxd4 O-O 10. Nb3 Nc6 11. Be3 a6 12. Qd2 Na5 13. Qe2 Nxb3 14.
axb3 Nc5 15. Bxc5 dxc5 16. e5 Qd4+ 17. Kh1 f6 18. Rad1 Qb4 19. Nd5 Qb5 20.
Nxe7+ Kf7 21. Qxb5 axb5 22. Nd5 fxe5 23. fxe5+ Kg8 24. e6 Bxb2 25. e7 Ba1
26. exf8=Q+ {Black resigns} 1-0

[Event "ICCopen2017"]
[Site "Internet Chess Club"]
[Date "2017.03.25"]
[Round "8"]
[White "Barbos"]
[Black "leonardoalmeida"]
[Result "1-0"]
[ICCResult "Black checkmated"]
[WhiteElo "2431"]
[BlackElo "1909"]
[Opening "Queen's gambit declined"]
[ECO "D30"]
[NIC "QO.17"]
[Time "15:29:31"]
[TimeControl "180+0"]

1. d4 e6 2. c4 d5 3. Nf3 dxc4 4. e3 a6 5. Bxc4 b5 6. Bb3 Bb7 7. O-O Nf6 8.
Qe2 Be7 9. a4 b4 10. Rd1 c6 11. e4 Nbd7 12. e5 Nd5 13. Nbd2 c5 14. Ne4 cxd4
15. Bg5 O-O 16. Bxe7 Qxe7 17. Nd6 Rab8 18. Nxb7 Rxb7 19. Qxa6 Rb6 20. Qe2
Nf4 21. Qe4 Ng6 22. Qxd4 Nc5 23. Bc2 b3 24. Bxg6 hxg6 25. a5 Ra6 26. Rdc1
Qa7 27. Ng5 Nd7 28. Qh4 Re8 29. Qh7+ Kf8 30. Qh8+ Ke7 31. Qxg7 Rf8 32. Rd1
Qc7 33. h3 Nxe5 34. Nh7 Nd7 35. Rxd7+ Qxd7 36. Qxf8# {Black checkmated} 1-0

[Event "ICCopen2017"]
[Site "Internet Chess Club"]
[Date "2017.03.25"]
[Round "8"]
[White "chalimo77"]
[Black "Nakia"]
[Result "0-1"]
[ICCResult "White resigns"]
[WhiteElo "1559"]
[BlackElo "1744"]
[Opening "Queen's Pawn"]
[ECO "E61"]
[NIC "KI.76"]
[Time "15:31:38"]
[TimeControl "180+0"]

1. d4 d6 2. Nf3 g6 3. c4 Bg7 4. Nc3 Nf6 5. e3 Nbd7 6. Bd3 O-O 7. O-O Re8 8.
b4 e5 9. dxe5 dxe5 10. Nd5 e4 11. Nxf6+ Nxf6 12. Ne1 exd3 13. Nxd3 Qe7 14.
Bb2 Bf5 15. Qe2 Rad8 16. Ne5 Ne4 17. Rad1 Bxe5 18. Rxd8 Rxd8 19. Bxe5 Qxe5
20. f3 Rd2 21. Qe1 Qb2 {White resigns} 0-1

[Event "ICCopen2017"]
[Site "Internet Chess Club"]
[Date "2017.03.25"]
[Round "8"]
[White "HangMySack"]
[Black "RnZ"]
[Result "0-1"]
[ICCResult "White resigns"]
[WhiteElo "1708"]
[BlackElo "1995"]
[Opening "Réti opening"]
[ECO "A04"]
[NIC "QP.10"]
[Time "15:30:27"]
[TimeControl "180+0"]

1. Nf3 c5 2. d4 cxd4 3. c3 dxc3 4. Nxc3 d6 5. e4 Nf6 6. Bc4 e6 7. e5 dxe5 8.
Qxd8+ Kxd8 9. Nxe5 Ke7 10. b3 Nc6 11. Ba3+ Ke8 12. Bxf8 Kxf8 13. Nxc6 bxc6
14. O-O-O Bb7 15. Rd3 Ke7 16. Rhd1 Rad8 17. Rxd8 Rxd8 18. Rxd8 Kxd8 19. Na4
Ng4 20. Nc5 Kc7 21. f3 Nxh2 22. Kd2 Bc8 23. Ke3 Kb6 24. b4 a5 25. a3 axb4
26. axb4 h5 27. Kf4 h4 28. Kg5 h3 {White resigns} 0-1

[Event "ICCopen2017"]
[Site "Internet Chess Club"]
[Date "2017.03.25"]
[Round "8"]
[White "HuevosDeLeon"]
[Black "Cowboystiefel"]
[Result "1-0"]
[ICCResult "Black checkmated"]
[WhiteElo "2590"]
[BlackElo "2125"]
[Opening "Queen's pawn: London system"]
[ECO "A45"]
[NIC "QP.07"]
[Time "15:30:40"]
[TimeControl "180+0"]

1. d4 Nf6 2. Bf4 e6 3. e3 c5 4. c3 Be7 5. Nd2 cxd4 6. exd4 O-O 7. Ngf3 b6 8.
Bd3 Ba6 9. Bxa6 Nxa6 10. O-O d6 11. a4 Nb8 12. a5 Nbd7 13. Qa4 Rb8 14. h3
Qc7 15. axb6 axb6 16. Qb5 Rfc8 17. Ra6 Qc6 18. Qxc6 Rxc6 19. Rfa1 Rbc8 20.
Bh2 Kf8 21. Ne1 Ke8 22. Nd3 d5 23. g4 b5 24. Rxc6 Rxc6 25. Ra8+ Bd8 26. Nb4
Rb6 27. Bc7 Rb7 28. Rxd8+ Ke7 29. Nc6# {Black checkmated} 1-0

[Event "ICCopen2017"]
[Site "Internet Chess Club"]
[Date "2017.03.25"]
[Round "8"]
[White "alexander77"]
[Black "trucker"]
[Result "1-0"]
[ICCResult "Black forfeits on time"]
[WhiteElo "1746"]
[BlackElo "1506"]
[Opening "Vienna game"]
[ECO "C26"]
[NIC "VG.02"]
[Time "15:29:47"]
[TimeControl "180+0"]

1. e4 e5 2. Nc3 Nf6 3. Bc4 Bc5 4. d3 c6 5. Nf3 d6 6. Be3 Bxe3 7. fxe3 O-O 8.
O-O d5 9. exd5 cxd5 10. Bb3 Nc6 11. a3 Bg4 12. Qe1 e4 13. Nh4 Rc8 14. Qg3
Be6 15. Nf5 Bxf5 16. Rxf5 d4 17. Nxe4 Nxe4 18. dxe4 dxe3 19. Qxe3 Qb6 20.
Qxb6 axb6 21. c3 Rce8 22. Bd5 Re7 23. Raf1 Nd8 24. h3 g6 25. Rf6 b5 26. Rb6
Kg7 27. Rxb5 {Black forfeits on time} 1-0

[Event "ICCopen2017"]
[Site "Internet Chess Club"]
[Date "2017.03.25"]
[Round "8"]
[White "charlestehace"]
[Black "julkat-ch"]
[Result "1-0"]
[ICCResult "Black resigns"]
[WhiteElo "3053"]
[BlackElo "1854"]
[Opening "Nimzo-Indian: 4.e3"]
[ECO "E40"]
[NIC "NI.17"]
[Time "15:29:32"]
[TimeControl "180+0"]

1. d4 Nf6 2. c4 e6 3. Nc3 Bb4 4. e3 Bxc3+ 5. bxc3 d6 6. Bd3 O-O 7. e4 e5 8.
Ne2 Nc6 9. O-O Re8 10. f3 Bd7 11. Bg5 h6 12. Bh4 g5 13. Bf2 Ne7 14. c5 Ng6
15. cxd6 cxd6 16. Qb3 b6 17. a4 Nf4 18. Nxf4 gxf4 19. Bh4 Kg7 20. g3 fxg3
21. hxg3 Qc7 22. Rac1 Be6 23. Qb2 Nh7 24. f4 f6 25. Qe2 Qf7 26. fxe5 dxe5
27. dxe5 Qg6 28. exf6+ Kf7 29. e5 Qg4 30. Qxg4 Bxg4 31. Bxh7 Rxe5 32. Rce1
Rae8 33. Rxe5 Rxe5 34. Bg6+ Kxg6 35. f7 Be2 36. Rf6+ Kh5 37. f8=Q
{Black resigns}
1-0

[Event "ICCopen2017"]
[Site "Internet Chess Club"]
[Date "2017.03.25"]
[Round "8"]
[White "chesslive"]
[Black "mahh"]
[Result "0-1"]
[ICCResult "White forfeits on time"]
[WhiteElo "1080"]
[BlackElo "1482"]
[Opening "Scandinavian (center counter) defense"]
[ECO "B01"]
[NIC "VO.17"]
[Time "15:29:55"]
[TimeControl "180+0"]

1. e4 d5 2. e5 c5 3. c3 Nc6 4. d4 cxd4 5. cxd4 g6 6. Nf3 Bg4 7. Be2 Bxf3 8.
Bxf3 e6 9. Nc3 Bg7 10. O-O a6 11. Be3 Nge7 12. Bg5 Qd7 13. Qd2 O-O 14. Bf6
Nf5 15. Qf4 Nfxd4 16. Qg3 Nxf3+ 17. Qxf3 Nxe5 18. Bxe5 Bxe5 19. h3 Bxc3 20.
bxc3 Rac8 21. Rac1 Qd8 22. Qe3 b5 23. a3 Qf6 24. Kh1 Rc7 25. f4 Rfc8 26. f5
exf5 27. Qg3 Rxc3 28. Rxc3 Rxc3 29. Qb8+ Kg7 30. Qb7 Qe6 31. Qc7 Re3 32. Qc1
d4 33. Qa1 Qf6 34. Qc1 Re6 35. Rf3 Rd6 {White forfeits on time} 0-1

[Event "ICCopen2017"]
[Site "Internet Chess Club"]
[Date "2017.03.25"]
[Round "8"]
[White "notetengomiedo"]
[Black "playwaycool"]
[Result "0-1"]
[ICCResult "White checkmated"]
[WhiteElo "1838"]
[BlackElo "2246"]
[Opening "Caro-Kann: classical variation"]
[ECO "B18"]
[NIC "CK.10"]
[Time "15:30:11"]
[TimeControl "180+0"]

1. e4 c6 2. d4 d5 3. Nc3 dxe4 4. Nxe4 Bf5 5. Ng3 Bg6 6. Nf3 Nd7 7. Bd3 Bxd3
8. Qxd3 e6 9. Bd2 Qc7 10. c4 O-O-O 11. O-O h6 12. b4 Kb8 13. Qb3 Ngf6 14. a4
g5 15. b5 g4 16. bxc6 gxf3 17. cxd7 fxg2 18. Rfb1 Rxd7 19. Be3 Ng4 20. c5 h5
21. Kxg2 h4 22. Nf1 Rg8 23. Kh1 Qc6+ 24. d5 Rxd5 25. f3 Rf5 26. Bf4+ Rxf4
27. Nd2 Nf2# {White checkmated} 0-1

[Event "ICCopen2017"]
[Site "Internet Chess Club"]
[Date "2017.03.25"]
[Round "8"]
[White "Hashimof"]
[Black "Osinger"]
[Result "1-0"]
[ICCResult "Black resigns"]
[WhiteElo "1929"]
[BlackElo "1648"]
[Opening "Sicilian defense"]
[ECO "B41"]
[NIC "SI.43"]
[Time "15:30:03"]
[TimeControl "180+0"]

1. e4 c5 2. Nf3 e6 3. d4 a6 4. d5 b5 5. c4 b4 6. Bd3 d6 7. O-O e5 8. Bg5 Nf6
9. Nbd2 Be7 10. Bh4 h6 11. Bg3 g5 12. Ne1 Bg4 13. f3 Bd7 14. a3 Nh5 15. axb4
cxb4 16. c5 Nxg3 17. hxg3 dxc5 18. Nc4 Bb5 19. Nxe5 Bf6 20. Bxb5+ axb5 21.
Rxa8 Bxe5 22. Qd3 Qb6 23. Nc2 Bxb2 24. Kh2 h5 25. e5 h4 26. g4 Bxe5+ 27. f4
gxf4 28. Qf5 f6 29. Qc8+ Kf7 30. Qxh8 f3+ 31. Kh3 fxg2 32. Kxg2 Qd6 33. Ra7+
Nd7 34. Qh7+ Ke8 35. Qg8+ Nf8 36. g5 Bh2 37. Ra8+ Kd7 38. Qg7+ Qe7 39. Ra7+
Bc7 40. Rxc7+ Kxc7 41. Qxe7+ Nd7 42. gxf6 b3 43. f7 bxc2 44. f8=Q b4 45.
Qfd8+ Kb7 46. Qexd7+ Ka6 47. Qa4+ Kb7 48. Qdd7+ Kb8 49. Qab5+ {Black
resigns} 1-0

[Event "ICCopen2017"]
[Site "Internet Chess Club"]
[Date "2017.03.25"]
[Round "8"]
[White "blunder23"]
[Black "egya"]
[Result "0-1"]
[ICCResult "White checkmated"]
[WhiteElo "1473"]
[BlackElo "1790"]
[Opening "Scandinavian: Marshall variation"]
[ECO "B01"]
[NIC "SD.03"]
[Time "15:30:56"]
[TimeControl "180+0"]

1. e4 d5 2. exd5 Nf6 3. d4 Nxd5 4. c4 Nb6 5. Nc3 e5 6. d5 Bb4 7. Nf3 O-O 8.
Bd3 e4 9. Bxe4 Bxc3+ 10. bxc3 Re8 11. Qd3 f5 12. Ng5 fxe4 13. Nxe4 Bf5 14.
f3 Bxe4 15. fxe4 Qe7 16. O-O Qxe4 17. Qxe4 Rxe4 18. Ba3 N8d7 19. Rae1 Rxe1
20. Rxe1 Nxc4 21. Bc1 Nf6 22. Re7 Nxd5 23. Rd7 Ncb6 24. Bb2 Nxd7 25. c4 Ne3
26. c5 Rf8 27. g3 Rf1# {White checkmated} 0-1